 Dungeon Crawl Stone Soup version 0.30-a0-476-g330ca2eb8e (webtiles) character file.

Game seed: 12261824919835612120

4943 vineage the Fighter (level 10, 0/71 HPs)
             Began as a Gargoyle Fighter on Dec 21, 2022.
             Was a Priest of Okawaru.
             Slain by a sun demon (3 damage)
             ... on level 9 of the Dungeon.
             The game lasted 00:09:34 (6896 turns).

vineage the Fighter (Gargoyle Fighter)              Turns: 6896, Time: 00:09:35

Health: 0/71       AC: 28    Str: 24    XL:     10   Next: 52%
Magic:  10/10      EV:  8    Int:  9    God:    Okawaru [***...]
Gold:   459        SH:  9    Dex:  9    Spells: 9/9 levels left

rFire   + + .      SeeInvis .    u - +4 whip
rCold   . . .      Faith    .    c - +0 buckler
rNeg    + . .      Spirit   .    p - +2 chain mail {rF+}
rPois   ∞          Reflect  .    K - +2 hat
rElec   +          Harm     .    w - +0 cloak
rCorr   .          Rampage  .    o - +0 pair of gloves
Will    .....                    (no boots)
Stlth   ..........               k - amulet of regeneration
HPRegen 1.11/turn                i - ring of protection from fire
MPRegen 0.12/turn                y - +4 ring of protection

@: mighty, marked, spiked, studying Staves
A: sickness immunity, AC +7, negative energy resistance 1, electricity
resistance, torment resistance 1, petrification resistance, large bone plates 1
a: Renounce Religion, Heroism


You were on level 9 of the Dungeon.
You worshipped Okawaru.
Okawaru was most pleased with you.
You visited 2 branches of the dungeon, and saw 12 of its levels.
You also visited: Sewer.

You collected 459 gold pieces.

Inventory:

Hand Weapons
 a - a +0 vorpal flail
 u - a +4 whip (weapon)
Missiles
 j - a throwing net (quivered)
Armour
 c - a +0 buckler (worn)
 o - a +0 pair of gloves (worn)
 p - a +2 chain mail of fire resistance (worn)
 w - a +0 cloak (worn)
 K - a +2 hat (worn)
Jewellery
 i - a ring of protection from fire (left hand)
 k - an amulet of regeneration (around neck)
 l - an amulet of reflection
 n - an amulet of guardian spirit
 y - a +4 ring of protection (right hand)
 C - a ring of flight
 F - a +6 ring of intelligence
 I - a +6 ring of intelligence
 J - a ring of willpower
Wands
 z - a wand of iceblast (13)
 G - a wand of digging (4)
Scrolls
 b - 2 scrolls of blinking
 e - a scroll of poison
 t - a scroll of enchant armour
 v - 2 scrolls of immolation
Potions
 d - a potion of might
 f - a potion of heal wounds
 g - a potion of berserk rage
 h - 5 potions of haste
 m - 3 potions of mutation
 q - 2 potions of resistance
 r - 2 potions of curing {unknown}
 s - a potion of flight {unknown}
 x - 5 potions of magic
 A - a potion of degeneration {unknown}
 B - 2 potions of brilliance {unknown}
 D - a potion of attraction {unknown}
 E - a potion of lignification {unknown}


   Skills:
 + Level 12.0 Fighting
 + Level 6.5 Maces & Flails
 + Level 7.6 Armour
 + Level 7.7 Shields
 + Level 0.7 Invocations


You had 9 spell levels left.
You didn't know any spells.
Your spell library contained the following spells:

 Spells                   Type           Power      Damage    Failure   Level
 Poisonous Vapours        Pois/Air       0%         N/A       99%         2
 Scorch                   Fire           0%         2d5       99%         2
 Frozen Ramparts          Ice            0%         1d1       100%        3
 Hailstorm                Conj/Ice       0%         3d3       100%        3
 Inner Flame              Hex/Fire       0%         N/A       100%        3
 Mephitic Cloud           Conj/Pois/Air  0%         N/A       100%        3
 Portal Projectile        Hex/Tloc       0%         N/A       100%        3
 Vhi's Electric Charge    Tloc/Air       0%         N/A       100%        3
 Cause Fear               Hex            0%         N/A       100%        4
 Flame Wave               Conj/Fire      0%         2d4       100%        4
 Ice Form                 Ice/Tmut       0%         N/A       100%        4
 Leda's Liquefaction      Hex/Erth       0%         N/A       100%        4
 Petrify                  Tmut/Erth      0%         N/A       100%        4
 Arcjolt                  Conj/Air       0%         1d10      100%        5
 Irradiate                Conj/Tmut      0%         3d11      100%        5
 Discord                  Hex            0%         N/A       100%        8
 Maxwell's Capacitive Co  Air            0%         ∞         100%        8
 Cigotuvi's Dreadful Rot  Necr/Pois/Air  Unusable   N/A       N/A         2
 Sublimation of Blood     Necr           Unusable   N/A       N/A         2
 Call Canine Familiar     Summ           Unusable   N/A       N/A         3
 Summon Ice Beast         Ice/Summ       Unusable   N/A       N/A         4
 Simulacrum               Ice/Necr       Unusable   N/A       N/A         6
 Summon Cactus Giant      Summ           Unusable   N/A       N/A         6

Dungeon Overview and Level Annotations

Branches:
Dungeon (11/15)            Temple (1/1) D:4             Orc (0/2) D:11
  Sewer (visited)
   Lair: D:8-11

Altars:
Cheibriados
Dithmenos
Elyvilon
Fedhas
Gozag
Hepliaklqana
Kikubaaqudgha
Nemelex Xobeh
Okawaru
Qazlal
Ru
Sif Muna
Trog
Uskayaw
Vehumet
Wu Jian
Xom
Yredelemnul
Zin
The Shining One

Annotations:
D:8 Pikel
D:9 Harold


Innate Abilities, Weirdness & Mutations

You are immune to sickness and miasma.
Your stone body is resilient. (AC +7)
You are immune to poison.
You resist negative energy. (rN+)
You are resistant to electric shocks. (rElec)
You are resistant to unholy torment.
You are immune to petrification.
You are partially covered in large bone plates. (SH +4)


Message History

The quasit bites you but does no damage.
The quasit claws you but does no damage.
You block the quasit's attack.
You closely miss the red devil. You block the quasit's attack.
The quasit claws you but does no damage.
You block the quasit's attack. x2
The quasit claws you but does no damage. x2
The red devil hits you with a +0 trident!
Barbed spikes become lodged in your body.
You whack the red devil!
The red devil is moderately wounded.
The quasit bites you but does no damage.
You block the quasit's attack.
The quasit claws you but does no damage.
The quasit bites you but does no damage.
The quasit barely misses you. You block the quasit's attack.
The red devil hits you but does no damage.
The orc wizard gestures wildly while chanting.
The orc wizard flickers and vanishes!
Deactivating autopickup; reactivate with Ctrl-A.
You hit the red devil.
The red devil is moderately wounded.
The quasit bites you but does no damage.
You block the quasit's attack. x2
The red devil hits you but does no damage.
You closely miss the red devil.
The red devil is moderately wounded.
You block the quasit's attack.
The quasit claws you but does no damage.
You block the quasit's attack. The sun demon hits you!
* * * LOW HITPOINT WARNING * * *
You are engulfed in flames.
You resist.
* * * LOW HITPOINT WARNING * * *
The red devil hits you but does no damage.
You whack the red devil!
The red devil is severely wounded.
The sun demon hits you!
* * * LOW HITPOINT WARNING * * *
You are engulfed in flames.
You resist.
You die...

# ## #.##.##
#
###.#...##4##
#...3..5...3.
#.###5.5#####
#33......
#@####### #4#
#.# #.# #)#
#.# #.. #.#


You could see a soul eater, a sun demon, a rust devil, a neqoxec, a red devil
and 3 quasits.

Vanquished Creatures
  A two-headed ogre (D:5)
  Maggie (D:8)
  Grinder (D:3)
  A spriggan (D:8)
  2 steam dragons
  3 water moccasins
  An orc warrior (D:11)
  A black bear (D:6)
  4 ogres
  3 ice beasts
  2 sky beasts
  A lemure (D:8)
  2 phantoms
  6 kobold brigands
  3 necrophages
  3 scorpions
  4 wights (D:8)
  A gnoll bouda (D:6)
  5 orc priests
  5 hounds
  A jelly (D:5)
  Terence (D:3)
  2 iguanas (D:5)
  12 orc wizards
  11 gnolls
  8 adders
  8 river rats
  A shadow imp (D:8)
  A white imp (D:6)
  An ufetubus (D:5)
  4 worms
  3 dart slugs
  22 orcs
  3 ball pythons
  3 bats
  12 endoplasms
  4 giant cockroaches
  5 goblins
  A hobgoblin (D:1)
  5 jackals
  17 kobolds
  3 quokkas
  2 frilled lizards (D:3)
  3 rats
183 creatures vanquished.

Vanquished Creatures (others)
  A kobold (D:7)
1 creature vanquished.

Grand Total: 184 creatures vanquished

Notes
Turn   | Place    | Note
-------+----------+-------------------------------------------
     0 | D:1      | vineage the Gargoyle Fighter began the quest for the Orb.
     0 | D:1      | Reached XP level 1. HP: 14/14 MP: 1/1
   242 | D:1      | Reached XP level 2. HP: 20/20 MP: 2/2
   271 | D:1      | Reached skill level 4 in Fighting
   680 | D:2      | Reached XP level 3. HP: 24/24 MP: 3/3
   688 | D:2      | Reached skill level 5 in Fighting
   879 | D:2      | Reached XP level 4. HP: 31/31 MP: 4/4
  1284 | D:3      | Reached skill level 6 in Fighting
  1435 | D:3      | Noticed Grinder
  1450 | D:3      | Paralysed by Grinder for 2 turns
  1457 | D:3      | Killed Grinder
  1458 | D:3      | Reached skill level 7 in Fighting
  1458 | D:3      | Reached XP level 5. HP: 29/39 MP: 5/5
  1458 | D:3      | Reached XP level 6. HP: 33/44 MP: 6/6
  1610 | D:3      | Noticed Terence
  1619 | D:3      | Killed Terence
  2128 | D:4      | Found a glowing drain.
  2144 | D:4      | Reached skill level 8 in Fighting
  2149 | Sewer    | Entered a sewer
  2292 | Sewer    | Reached XP level 7. HP: 50/50 MP: 7/7
  2464 | Sewer    | Reached skill level 9 in Fighting
  2879 | D:4      | Reached skill level 10 in Fighting
  2879 | D:4      | Reached XP level 8. HP: 57/57 MP: 8/8
  3087 | D:4      | Found a staircase to the Ecumenical Temple.
  3096 | Temple   | Entered the Ecumenical Temple
  3159 | Temple   | Became a worshipper of Warmaster Okawaru
  3548 | D:5      | Entered Level 5 of the Dungeon
  3621 | D:5      | Found a glowing golden altar of the Shining One.
  3794 | D:5      | Found a sparkling altar of Nemelex Xobeh.
  3888 | D:5      | Noticed a two-headed ogre
  4096 | D:5      | Killed a two-headed ogre
  4096 | D:5      | Reached * piety under Okawaru
  4097 | D:5      | Reached skill level 5 in Armour
  4097 | D:5      | Reached skill level 5 in Shields
  4097 | D:5      | Reached XP level 9. HP: 63/63 MP: 9/9
  4174 | D:5      | Found a bloodstained altar of Trog.
  4952 | D:6      | Reached skill level 11 in Fighting
  4988 | D:6      | Reached ** piety under Okawaru
  5032 | D:6      | Reached skill level 5 in Maces & Flails
  5358 | D:6      | Gained mutation: You are partially covered in large bone
                  | plates. (SH +4) [potion of mutation]
  5585 | D:7      | Reached XP level 10. HP: 62/70 MP: 10/10
  5648 | D:7      | Reached *** piety under Okawaru
  6179 | D:8      | Found an ornate altar of the Wu Jian Council.
  6180 | D:8      | Noticed Maggie
  6203 | D:8      | Killed Maggie
  6218 | D:8      | Identified the +11 falchion "Valiv" {vorpal, Str-5 Dex+7}
  6261 | D:8      | Found a radiant altar of Vehumet.
  6547 | D:8      | Noticed Pikel
  6551 | D:8      | You fall into a shaft and drop 3 floors!
  6556 | D:11     | Found a staircase to the Orcish Mines.
  6654 | D:11     | Reached skill level 12 in Fighting
  6707 | D:11     | Reached **** piety under Okawaru
  6746 | D:11     | Noticed a boulder beetle
  6760 | D:10     | Entered Level 10 of the Dungeon
  6793 | D:9      | Noticed a sun demon
  6793 | D:9      | Noticed a soul eater
  6798 | D:9      | Noticed a rust devil
  6845 | D:9      | Noticed Harold
  6853 | D:9      | Noticed a cyclops
  6896 | D:9      | HP: 3/71 [sun demon (11)]
  6896 | D:9      | Slain by a sun demon

Illustrated notes

Levels and vault maps discovered:
D:1:      dpeg_arrival_water_fire, layout_basic
D:2:      layout_loops_ring
D:3:      layout_loops_ring, uniq_grinder, uniq_terence
D:4:      layout_basic, minmay_temple_entry_statues_pillars,
          cheibrodos_sewer_entry_sluice, minmay_manual_mail
D:5:      layout_basic, lemuel_round_altar, nemelex_dance_club_becter,
          lightli_temple_of_fire, minmay_chambers_of_fives
D:6:      layout_gridville
D:7:      layout_rooms, minmay_microvault
D:8:      layout_loops_ring, mainiacjoe_overflow_paths,
          mainiacjoe_overflow_surrounded_room, enter_bailey_2, the_hattery,
          uniq_pikel, uniq_maggie
D:9:      layout_loops_ring, nicolae_ashenzari_panopticon, serial_demonic,
          serial_demonic_a, serial_demonic_b, serial_demonic_d,
          serial_demonic_f, roderic_st_hans_cross, uniq_grum, uniq_harold
D:10:     layout_basic, palyth_stone_intersect
D:11:     layout_rooms, david_lair_shrubbed, minmay_orc_entry_temple_small
Temple:   compressed_dpeg_triangle_lava_temple

Skill      XL: |  1  2  3  4  5  6  7  8  9 10 |
---------------+-------------------------------+-----
Fighting       | 4 5 7 8 10 11 12 | 12.0
Armour         | 5 6 7 |  7.6
Shields        | 5 6 7 |  7.7
Maces & Flails | 4 5 6 |  6.5
Invocations    | |  0.7

Action                   |  1- 3 |  4- 6 |  7- 9 | 10-12 || total
-------------------------+-------+-------+-------+-------++-------
Melee: Flail             |    73 |   159 |   182 |       ||   414
       Whip              |       |       |   316 |   288 ||   604
Invok: Heroism           |       |       |       |     4 ||     4
  Use: Scroll            |     1 |     9 |     5 |     5 ||    20
       Potion            |       |     2 |     4 |     3 ||     9
Armor: Scale mail        |    40 |    22 |       |       ||    62
       Plate armour      |       |    17 |       |       ||    17
       Chain mail        |       |    66 |   329 |   186 ||   581
Dodge: Dodged            |    31 |    50 |   169 |    74 ||   324
Block: Buckler           |     8 |    29 |   128 |    95 ||   260

Table legend: (Time is in decaauts)
 A = Elapsed time spent in this place.
 B = Non-inter-level travel time spent in this place.
 C = Inter-level travel time spent in this place.
 D = Time resting spent in this place.
 E = Time spent auto-exploring this place.
 F = Levels seen in this place.
 G = Mean time per level.
                   A        B        C        D        E       F      G
               +--------+--------+--------+--------+--------+-----+--------+
         Total |   7096 |   6830 |    266 |    144 |   4776 |  13 |  545.8 |
       Dungeon |   6149 |   5896 |    253 |    144 |   4241 |  11 |  559.0 |
        Temple |     73 |     60 |     13 |      0 |     53 |   1 |   73.0 |
         Sewer |    874 |    874 |      0 |      0 |    481 |   1 |  874.0 |
               +--------+--------+--------+--------+--------+-----+--------+

Top non-repeatable levels by time:
     D:5: 1057 daAuts
   Sewer: 874 daAuts
     D:3: 871 daAuts
     D:4: 768 daAuts
     D:6: 758 daAuts
     D:1: 656 daAuts
     D:7: 653 daAuts
     D:2: 587 daAuts
     D:8: 478 daAuts
    D:11: 190 daAuts
     D:9: 93 daAuts
  Temple: 73 daAuts
    D:10: 32 daAuts
